 Dungeon Crawl Stone Soup version 0.31-a0-167-g1c394c0614 (webtiles) character file.

Game seed: 3968054894351725157

998 qw the Skirmisher (level 8, -2/50 HPs)
             Began as a Gargoyle Hunter on June 14, 2023.
             Was an Initiate of Okawaru.
             Slain by a wight
             ... wielding a +3 halberd
              (4 damage)
             ... on level 6 of the Dungeon.
             The game lasted 00:02:00 (4362 turns).

qw the Skirmisher (Gargoyle Hunter)                 Turns: 4362, Time: 00:02:01

Health: -2/50      AC: 18    Str: 15    XL:     8   Next: 19%
Magic:  7/8        EV: 14    Int: 10    God:    Okawaru [......]
Gold:   306        SH:  0    Dex: 15    Spells: 7/7 levels left

rFire   . . .        Y - +1 shortbow
rCold   + . .        (shield currently unavailable)
rNeg    + . .        b - +0 ring mail
rPois   inf          (no helmet)
rElec   +            g - scarf {repulsion}
rCorr   .            i - +0 pair of gloves
SInv    .            j - +0 pair of boots
Will    .....        o - amulet of faith
Stlth   +++          f - ring of protection from cold
HPRegen 0.28/turn    e - +4 ring of protection
MPRegen 0.11/turn

%: repel missiles, faith
@: heroic
A: sickness immunity, AC +5, negative energy resistance 1, electricity
resistance, torment resistance 1, petrification resistance
a: Renounce Religion


You were on level 6 of the Dungeon.
You worshipped Okawaru.
Okawaru was noncommittal.
You visited 2 branches of the dungeon, and saw 7 of its levels.

You collected 306 gold pieces.


Innate Abilities, Weirdness & Mutations

You are immune to sickness and miasma.
Your stone body is resilient. (AC +5)
You are immune to poison.
You resist negative energy. (rN+)
You are resistant to electric shocks. (rElec)
You are resistant to unholy torment.
You are immune to petrification.


   Skills:
 - Level 5.5(10.5) Fighting
 + Level 8.4(13.4) Ranged Weapons
 - Level 2.0(7.0) Armour
 - Level 2.2(7.2) Dodging
 - Level 1.1(6.1) Stealth


You had 7 spell levels left.
You didn't know any spells.
Your spell library was empty.

Inventory:

Hand Weapons
 Y - a +1 shortbow (weapon)
Armour
 a - a +0 cloak
 b - a +0 ring mail (worn)
 g - a scarf of repulsion (worn)
 i - a +0 pair of gloves (worn)
 j - a +0 pair of boots (worn)
Jewellery
 e - a +4 ring of protection (right hand)
 f - a ring of protection from cold (left hand)
 o - an amulet of faith (around neck)
 s - a ring of protection from cold
Scrolls
 l - a scroll of identify
Potions
 c - a potion of resistance
 d - 2 potions of curing
 h - a potion of might {unknown}
 k - a potion of heal wounds {unknown}
 m - a potion of lignification {unknown}
 n - a potion of ambrosia {unknown}
 r - a potion of mutation {unknown}

Dungeon Overview and Level Annotations

Branches:
Dungeon (6/15)             Temple (1/1) D:4

Altars:
Ashenzari
Cheibriados
Dithmenos
Elyvilon
Fedhas
Gozag
Hepliaklqana
Kikubaaqudgha
Makhleb
Nemelex Xobeh
Okawaru
Qazlal
Ru
Sif Muna
Trog
Uskayaw
Vehumet
Wu Jian
Xom
Yredelemnul
Zin
The Shining One

Shops:
D:1 :?[[:


Message History

The wight hits you with a +2 battleaxe. The wight barely misses you.
You shoot an arrow. The arrow hits the wight.
The wight is moderately damaged.
The wight closely misses you.
The wight hits you from afar with a +3 halberd!
4352 ||| INVOKING Heroism.
You gain the combat prowess of a mighty hero.
You can no longer gain great but temporary skills.
The wight barely misses you.
The wight hits you from afar with a +3 halberd!
You shoot an arrow. The arrow completely misses the wight.
The wight hits you but does no damage.
The wight hits you from afar with a +3 halberd.
You shoot an arrow. The arrow barely misses the wight.
The wight hits you with a +2 battleaxe. The wight hits you but does no damage.
You shoot an arrow.
The arrow hits the wight but does no damage.
The wight is moderately damaged.
You shoot an arrow. The arrow hits the wight.
The wight is moderately damaged.
The wight hits you but does no damage.
The wight hits you from afar with a +3 halberd.
You shoot an arrow.
The arrow hits the wight but does no damage.
The wight is moderately damaged.
The wight misses you. The wight hits you but does no damage.
You shoot an arrow. The arrow hits the wight.
The wight is heavily damaged.
The wight hits you with a +2 battleaxe. The wight hits you but does no damage.
You shoot an arrow. The arrow barely misses the wight.
The wight misses you.
The wight hits you from afar with a +3 halberd!
You shoot an arrow. The arrow hits the wight.
The wight is almost destroyed.
You shoot an arrow. The arrow completely misses the wight.
The wight misses you. The wight closely misses you.
You shoot an arrow. The arrow barely misses the wight.
The wight barely misses you.
The wight hits you from afar with a +3 halberd.
You die...

.. ... . ##.#
# .. ..... .#
... ...###.
.... #....
.....
###.#.##......
#.....@z......
#....<#.#.##..
#.....#z#
#.....>..
#.....#.#.
#.....#.#..
#######.# ..
.# ...


You could see 2 wights.

Vanquished Creatures
  Eustachio (D:4)
  Edmund (D:4)
  A black bear (D:5)
  A phantom (D:4)
  A scorpion (D:4)
  A gnoll sergeant (D:5)
  5 hounds
  2 sleepcaps
  An iguana (D:5)
  An orc wizard (D:3)
  3 gnolls (D:4)
  8 adders
  2 ufetubi (D:5)
  6 worms
  4 dart slugs
  4 orcs
  11 endoplasms
  4 giant cockroaches (D:2)
  8 goblins
  4 hobgoblins
  6 jackals
  3 quokkas
  3 ball pythons
  9 bats
  10 kobolds
  4 rats
104 creatures vanquished.

Notes
Turn   | Place    | Note
-------+----------+-------------------------------------------
     0 | D:1      | qw the Gargoyle Hunter began the quest for the Orb.
     0 | D:1      | Reached XP level 1. HP: 12/12 MP: 1/1
     0 | D:1      | 0 ||| qw: Version: 0.2-a-29-g1fa15c8
     0 | D:1      | 0 ||| qw: Game counter: 5046
     0 | D:1      | 0 ||| qw: Always use a shield: true
     0 | D:1      | 0 ||| qw: God list: Okawaru
     0 | D:1      | 0 ||| qw: Allow faded altars: false
     0 | D:1      | 0 ||| qw: Do Orc after D:15 true
     0 | D:1      | 0 ||| qw: Do second Lair branch before Depths: true
     0 | D:1      | 0 ||| qw: Lair rune preference: random
     0 | D:1      | 0 ||| qw: Plans: Normal, Zot:1-4, Slime:5, God:TSO, Crypt,
                  | Tomb, Abyss, Pan, Hells, Win
     0 | D:1      | 0 ||| PLANNING D:1-11
     7 | D:1      | Found Ciurit's Armour Emporium.
    27 | D:1      | 27 ||| SHOPLISTING +0 helmet (49 gold, have 0).
    27 | D:1      | 27 ||| SHOPLISTING +0 ring mail (44 gold, have 0).
    27 | D:1      | 27 ||| SHOPLISTING +2 pair of boots "Usmuig" {Contam Regen+
                  | Int+3} (244 gold, have 0).
    27 | D:1      | 27 ||| SHOPLISTING +2 robe of cold resistance (194 gold,
                  | have 0).
    27 | D:1      | 27 ||| SHOPLISTING +9 swamp dragon scales "Oneulose" {rElec
                  | rPois Int+2} (1201 gold, have 0).
    40 | D:1      | Found Oloyja's Antique Armour Shoppe.
    68 | D:1      | 68 ||| SHOPLISTING cloak (90 gold, have 0).
    68 | D:1      | 68 ||| SHOPLISTING colourful robe (114 gold, have 0).
    68 | D:1      | 68 ||| SHOPLISTING glowing leather armour (100 gold, have
                  | 0).
    68 | D:1      | 68 ||| SHOPLISTING ring mail (80 gold, have 0).
    86 | D:1      | Reached XP level 2. HP: 17/17 MP: 2/2
   246 | D:1      | Found Pussetam's Book Emporium.
   690 | D:1      | Found Jint's Book Shoppe.
   779 | D:1      | Found Fiocu's Magic Scroll Shoppe.
   782 | D:1      | 782 ||| SHOPLISTING scroll of teleportation (42 gold, have
                  | 28).
   782 | D:1      | 782 ||| UPGRADING to scarf of repulsion.
   787 | D:1      | 787 ||| UPGRADING to ring of protection from cold.
   788 | D:1      | 788 ||| READING scroll labelled WEPEATUDDU.
   789 | D:1      | 789 ||| READING scroll labelled QOM QAM AFI.
   790 | D:1      | 790 ||| DROPPING scroll of butterflies.
   833 | D:2      | Reached XP level 3. HP: 21/21 MP: 3/3
   846 | D:2      | Reached skill level 5 in Ranged Weapons
  1026 | D:2      | HP: 3/22 [worm (7)]
  1171 | D:2      | Reached skill level 3 in Fighting
  1300 | D:2      | Reached XP level 4. HP: 28/28 MP: 4/4
  1375 | D:2      | Found a faded altar of an unknown god.
  1375 | D:2      | Noticed a chaos spawn
  1624 | D:2      | 1624 ||| UPGRADING to +0 ring mail.
  1634 | D:2      | 1634 ||| DROPPING +0 leather armour.
  1635 | D:2      | 1635 ||| UPGRADING to +0 pair of gloves.
  1640 | D:2      | 1640 ||| UPGRADING to +0 pair of boots.
  1645 | D:2      | 1645 ||| UPGRADING to +4 ring of protection.
  1646 | D:2      | 1646 ||| READING scroll labelled VAOS IDA SERO.
  1647 | D:2      | 1647 ||| READING 3 scrolls labelled EMEITA BOFFU.
  1648 | D:2      | 1648 ||| READING 2 scrolls of identify.
  1648 | D:2      | 1648 ||| IDENTIFYING red potion
  1649 | D:2      | 1649 ||| DROPPING potion of brilliance.
  1685 | D:3      | Reached skill level 1 in Armour
  1851 | D:3      | Reached XP level 5. HP: 32/32 MP: 5/5
  2130 | D:3      | 2130 ||| READING scroll labelled ZUEPIXTOCOU.
  2184 | D:4      | Reached skill level 6 in Ranged Weapons
  2340 | D:4      | Noticed Eustachio
  2366 | D:4      | 2366 ||| FLEEEEING.
  2367 | D:4      | 2367 ||| FLEEEEING.
  2368 | D:4      | 2368 ||| FLEEEEING.
  2393 | D:4      | Killed Eustachio
  2394 | D:4      | Reached XP level 6. HP: 27/38 MP: 6/6
  2421 | D:4      | 2421 ||| FLEEEEING.
  2423 | D:4      | 2423 ||| STAIRDANCE
  2442 | D:4      | Reached skill level 7 in Ranged Weapons
  2726 | D:4      | Reached XP level 7. HP: 37/43 MP: 7/7
  2726 | D:4      | 2726 ||| FLEEEEING.
  2727 | D:4      | 2727 ||| FLEEEEING.
  2728 | D:4      | 2728 ||| FLEEEEING.
  2729 | D:4      | 2729 ||| FLEEEEING.
  2730 | D:4      | 2730 ||| FLEEEEING.
  2731 | D:4      | 2731 ||| FLEEEEING.
  2732 | D:4      | 2732 ||| FLEEEEING.
  2733 | D:4      | 2733 ||| FLEEEEING.
  3192 | D:4      | Found a staircase to the Ecumenical Temple.
  3193 | D:4      | 3193 ||| PLANNING TEMPLE
  3193 | D:4      | 3193 ||| DROPPING ring of wizardry.
  3194 | D:4      | 3194 ||| READING scroll labelled WUTRUT HEMOHU.
  3195 | D:4      | 3195 ||| READING scroll labelled SISTRO OHASI.
  3196 | D:4      | 3196 ||| READING 2 scrolls of identify.
  3196 | D:4      | 3196 ||| IDENTIFYING lumpy grey potion
  3202 | Temple   | Entered the Ecumenical Temple
  3224 | Temple   | 3224 ||| PLANNING OKAWARU WORSHIP
  3239 | Temple   | Became a worshipper of Warmaster Okawaru
  3240 | Temple   | 3240 ||| PLANNING D:1-11
  3254 | D:4      | Noticed Edmund
  3275 | D:4      | Killed Edmund
  3276 | D:4      | Reached skill level 8 in Ranged Weapons
  3383 | D:5      | Entered Level 5 of the Dungeon
  3440 | D:5      | Found a shimmering blue altar of Sif Muna.
  3440 | D:5      | Found an opulent altar of Gozag.
  3443 | D:5      | 3443 ||| READING 2 scrolls of identify.
  3443 | D:5      | 3443 ||| IDENTIFYING grey potion
  3504 | D:5      | Found a burning altar of Makhleb.
  3577 | D:5      | Reached XP level 8. HP: 31/50 MP: 8/8
  4194 | D:5      | Reached * piety under Okawaru
  4301 | D:5      | 4301 ||| UPGRADING to amulet of faith.
  4306 | D:5      | 4306 ||| READING scroll labelled UTAMEWNAIFO.
  4309 | D:5      | 4309 ||| READING scroll labelled UBULUSMUSU.
  4352 | D:6      | 4352 ||| INVOKING Heroism.
  4356 | D:6      | HP: 12/50 [wight/+3 halberd (6)]
  4359 | D:6      | HP: 1/50 [wight/+3 halberd (8)]
  4362 | D:6      | Slain by a wight

Levels and vault maps discovered:
D:1:      mrwooster_arrival_statue_2, layout_basic, serial_shops,
          nicolae_shop_rolled_up, nicolae_shop_gibbet_a_chance, shop, shop,
          shop, minmay_misc_feat_room, nrook_mini_backslash
D:2:      layout_basic, dreamdust_ecumenical_altar_sealed_demon,
          chequers_serial_rivers_room_b
D:3:      layout_rooms
D:4:      layout_basic, minmay_temple_entry_hall, uniq_eustachio, uniq_edmund
D:5:      layout_loops_ring, jmf_multi_god_temple,
          mainiacjoe_overflow_surrounded_room, minmay_misc_feat_chi,
          kennysheep_generic_room_13
D:6:      layout_basic
Temple:   hellmonk_temple_of_storms

Skill      XL: |  1  2  3  4  5  6  7  8 |
---------------+-------------------------+-----
Ranged Weapons | 5 6 7 8 |  8.4
Fighting       | 3 4 5 |  5.5
Armour         | 1 2 |  2.0
Dodging        | 2 |  2.2
Stealth        | |  1.1

Action                     |  1- 3 |  4- 6 |  7- 9 || total
---------------------------+-------+-------+-------++-------
   Fire: Shortbow          |   126 |   176 |   178 ||   480
 Invoke: Heroism           |       |       |     1 ||     1
    Use: Scroll            |     2 |     4 |     6 ||    12
 Armour: Leather armour    |    40 |       |       ||    40
         Ring mail         |       |    70 |    74 ||   144
  Dodge: Dodged            |    48 |    73 |    77 ||   198
         Repelled          |       |     3 |       ||     3

Table legend:
 A = Non-vault XP
 B = Vault XP
 C = Vault XP percentage of total XP
 D = Non-vault monster count
 E = Vault monster count
 F = Vault count percentage of total count
                 A         B        C        D         E       F
            +---------+---------+-------+---------+---------+-------
      Total |     938 |     489 |  34.3 |      99 |       5 |   4.8
            +---------+---------+-------+---------+---------+-------
        D:1 |      31 |       0 |   0.0 |      21 |       0 |   0.0
        D:2 |      56 |       0 |   0.0 |      24 |       0 |   0.0
        D:3 |     110 |       0 |   0.0 |      21 |       0 |   0.0
        D:4 |     372 |     353 |  48.7 |      21 |       2 |   8.7
        D:5 |     369 |     136 |  26.9 |      12 |       3 |  20.0
            +---------+---------+-------+---------+---------+-------
